Predators vs BlueJackets

Created - October 23 2007 at 19:00

Goals
1 2 3 T
Predators 2 1 1 4
BlueJackets 1 0 0 1
Shots
1 2 3 T
Predators 7 15 11 33
BlueJackets 6 14 11 31

Period #1

1. BlueJackets , Kurtis Foster 1 (Fredrik Modin, Erik Christensen) at 1:56 (PP)
2. Predators , Scott Hartnell 4 (David Legwand, Paul Kariya) at 4:10
3. Predators , Derek Morris 1 (Jeff Carter, Steve Sullivan) at 17:00 (PP)

Penalities :
Scott Hartnell (NSH) for High sticking (Minor) at 0:14, Erik Christensen (CBJ) for Holding (Minor) at 4:57, Jason Smith (CBJ) for Tripping (Minor) at 5:22, Marc Savard (CBJ) for Diving (Minor) at 15:05

Period #2

4. Predators , Tomas Kaberle 3 (Paul Kariya, Scott Hartnell) at 0:25

Penalities :
Martin St. Louis (CBJ) for Holding (Minor) at 4:14, Alain Nasreddine (CBJ) for Interference (Minor) at 7:16, Tomas Kaberle (NSH) for Roughing (Minor) at 13:36

Period #3

5. Predators , Jeff Carter 2 (Zbynek Michalek) at 8:16

Penalities :
Erik Christensen (CBJ) for Hooking (Minor) at 1:01, Marc Savard (CBJ) for Tripping (Minor) at 4:38, Brad Boyes (NSH) for Hooking (Minor) at 9:42, Teemu Selanne (CBJ) for Hooking (Minor) at 12:57, Jason Smith (CBJ) for Holding Stick (Minor) at 13:37

Goalie Stats

Tomas Vokoun (NSH), 30 saves from 31 shots - (0.968), W, 7-3-0, 60:00 minutes
Niklas Backstrom (CBJ), 29 saves from 33 shots - (0.879), L, 5-3-2, 60:00 minutes

Players Stats

Predators
Player Name              G  A  P  +/- PIM S  H  SB FO MP 
-----------------------------------------------------------
Brad Boyes               0  0  0   0  2   4  3  0  3  20 
David Legwand            0  1  1   2  0   3  2  1  21 19 
Derek Morris             1  0  1   0  0   1  1  0  0  23 
Jeff Carter              1  1  2   1  0   5  2  0  35 22 
Marek Zidlicky           0  0  0   0  0   0  1  0  0  23 
Martin Erat              0  0  0   1  0   3  0  0  3  14 
Patrick Sharp            0  0  0   0  0   2  0  0  13 12 
Paul Kariya              0  2  2   2  0   0  0  0  0  17 
Ryan Suter               0  0  0   1  0   0  0  0  0  14 
Scott Hartnell           1  1  2   2  2   6  4  0  6  19 
Scottie Upshall          0  0  0   0  0   1  0  0  3  12 
Shea Weber               0  0  0   2  0   1  1  2  0  26 
Steve Sullivan           0  1  1   0  0   4  1  0  1  20 
Todd Bertuzzi            0  0  0   1  0   0  1  1  0  14 
Tomas Kaberle            1  0  1   2  2   2  0  4  0  24 
Vernon Fiddler           0  0  0   0  0   1  0  1  2  10 
Yanic Perreault          0  0  0   0  0   0  0  0  9  7  
Zbynek Michalek          0  1  1   1  0   0  0  0  0  16 
BlueJackets
Player Name              G  A  P  +/- PIM S  H  SB FO MP 
-----------------------------------------------------------
Alain Nasreddine         0  0  0   0  2   0  0  3  0  17 
Anze Kopitar             0  0  0   0  0   1  0  0  21 17 
Brent Burns              0  0  0  -3  0   0  1  0  0  27 
Christian Ehrhoff        0  0  0  -1  0   2  1  1  1  21 
Dan Fritsche             0  0  0  -1  0   2  0  0  8  14 
Duvie Westcott           0  0  0   0  0   1  0  0  0  11 
Erik Christensen         0  1  1   0  4   1  1  0  0  17 
Fredrik Modin            0  1  1   0  0   6  3  1  1  19 
Jason Chimera            0  0  0  -1  0   0  0  0  13 15 
Jason Smith              0  0  0   0  4   0  2  2  0  19 
Kurtis Foster            1  0  1   0  0   2  1  0  0  20 
Marc Savard              0  0  0  -2  4   2  1  0  24 14 
Martin St. Louis         0  0  0  -2  2   6  2  1  2  15 
Nick Schultz             0  0  0  -2  0   0  1  1  0  19 
Patrick O'Sullivan       0  0  0  -1  0   1  2  0  1  7  
Steve Rucchin            0  0  0   0  0   1  1  0  23 18 
Teemu Selanne            0  0  0   0  2   4  2  0  1  17 
Vyacheslav Kozlov        0  0  0  -2  0   2  1  0  1  14 

3 Stars

1 - Tomas Vokoun (NSH)
2 - Scott Hartnell (NSH)
3 - Jeff Carter (NSH)

Power Play

Predators - 1 on 9 Attempt(s) - 11.11%
BlueJackets - 1 on 3 Attempt(s) - 33.33%

Penalty Kill

Predators - 2 on 3 Attempt(s) - 66.67% - Score 0 goal in Penalty Kill
BlueJackets - 8 on 9 Attempt(s) - 88.89% - Score 0 goal in Penalty Kill

Game Notes

No Game Note

Finance

Level 1 -- Attendance: 5508 (91.81%) -- Ticket Income $495,720.00
Level 2 -- Attendance: 4801 (91.44%) -- Ticket Income $240,050.00
Level 3 -- Attendance: 1839 (81.73%) -- Ticket Income $45,975.00
Level 4 -- Attendance: 4000 (100.00%) -- Ticket Income $40,000.00
Luxury Box -- Attendance: 867 (86.67%) -- Ticket Income $173,400.00
Game was played at the Nationwide Arena
Total Attendance: 17015 (91.97%)
Total Ticket Income: $1,008,837.00
Other Income: $147,497.40
Total Income: $1,156,334.00


Play by Play

Period #1

0:01 of 1st period - David Legwand wins face-off versus Marc Savard in neutral zone.
0:01 of 1st period - David Legwand is hit by Marc Savard.
0:14 of 1st period - Minor Penalty to Scott Hartnell for High sticking.
0:15 of 1st period - Anze Kopitar wins face-off versus Jeff Carter in neutral zone.
0:36 of 1st period - Shot by Erik Christensen.
0:36 of 1st period - Stopped by Tomas Vokoun without a rebound.
0:37 of 1st period - Jeff Carter wins face-off versus Marc Savard in Predators zone.
0:46 of 1st period - David Legwand is hit by Martin St. Louis and loses puck.
1:08 of 1st period - Shot by Martin St. Louis.
1:08 of 1st period - Shot Blocked by Tomas Kaberle.
1:54 of 1st period - Shot by Erik Christensen.
1:54 of 1st period - Deflect By Fredrik Modin.
1:54 of 1st period - Shot Blocked by David Legwand.
1:56 of 1st period - Shot by Kurtis Foster.
1:56 of 1st period - Goal by Kurtis Foster - Predators : 0 - BlueJackets : 1.
1:57 of 1st period - Steve Rucchin wins face-off versus Jeff Carter in neutral zone.
2:27 of 1st period - Christian Ehrhoff is hit by Jeff Carter and loses puck.
3:27 of 1st period - Shot by Brad Boyes.
3:27 of 1st period - Stopped by Niklas Backstrom without a rebound.
3:28 of 1st period - Marc Savard wins face-off versus David Legwand in BlueJackets zone.
4:06 of 1st period - Shot by David Legwand.
4:06 of 1st period - Shot Misses the Net.
4:08 of 1st period - Shot by Scott Hartnell.
4:08 of 1st period - Stopped by Niklas Backstrom with a rebound.
4:10 of 1st period - Shot by Scott Hartnell.
4:10 of 1st period - Goal by Scott Hartnell - Predators : 1 - BlueJackets : 1.
4:11 of 1st period - Christian Ehrhoff wins face-off versus Jeff Carter in neutral zone.
4:13 of 1st period - Off-side.
4:14 of 1st period - Jeff Carter wins face-off versus Steve Rucchin in neutral zone.
4:17 of 1st period - Duvie Westcott is hit by Jeff Carter and loses puck.
4:57 of 1st period - Minor Penalty to Erik Christensen for Holding.
4:58 of 1st period - Scott Hartnell wins face-off versus Jason Chimera in Predators zone.
5:22 of 1st period - Minor Penalty to Jason Smith for Tripping.
5:23 of 1st period - Steve Rucchin wins face-off versus Jeff Carter in Predators zone.
5:44 of 1st period - Shot by Steve Sullivan.
5:44 of 1st period - Deflect By Jeff Carter.
5:44 of 1st period - Shot Blocked by Martin St. Louis.
6:40 of 1st period - Shot by Scott Hartnell.
6:40 of 1st period - Stopped by Niklas Backstrom without a rebound.
6:41 of 1st period - Jason Chimera wins face-off versus Scottie Upshall in BlueJackets zone.
8:21 of 1st period - Off-side.
8:22 of 1st period - David Legwand wins face-off versus Marc Savard in neutral zone.
9:54 of 1st period - Shot by Fredrik Modin.
9:54 of 1st period - Stopped by Tomas Vokoun without a rebound.
9:55 of 1st period - Anze Kopitar wins face-off versus Yanic Perreault in Predators zone.
10:29 of 1st period - Yanic Perreault is hit by Jason Smith and loses puck.
11:26 of 1st period - Shot by Steve Sullivan.
11:26 of 1st period - Stopped by Niklas Backstrom without a rebound.
11:27 of 1st period - Patrick Sharp wins face-off versus Steve Rucchin in BlueJackets zone.
12:14 of 1st period - Icing by Shea Weber.
12:15 of 1st period - David Legwand wins face-off versus Marc Savard in Predators zone.
12:24 of 1st period - Vyacheslav Kozlov is hit by David Legwand and loses puck.
13:13 of 1st period - Icing by Ryan Suter.
13:14 of 1st period - Jeff Carter wins face-off versus Anze Kopitar in Predators zone.
13:35 of 1st period - Off-side.
13:36 of 1st period - Steve Rucchin wins face-off versus Patrick Sharp in neutral zone.
14:02 of 1st period - Shot by Brad Boyes.
14:02 of 1st period - Shot Blocked by Alain Nasreddine.
14:16 of 1st period - Shot by Patrick Sharp.
14:16 of 1st period - Shot Hit the Post.
14:18 of 1st period - Shot by Patrick Sharp.
14:18 of 1st period - Shot Misses the Net.
14:20 of 1st period - Shot by Derek Morris.
14:20 of 1st period - Shot Blocked by Alain Nasreddine.
14:27 of 1st period - Icing by Alain Nasreddine.
14:28 of 1st period - Jeff Carter wins face-off versus Steve Rucchin in BlueJackets zone.
14:33 of 1st period - Shot by Jeff Carter.
14:33 of 1st period - Stopped by Niklas Backstrom without a rebound.
14:34 of 1st period - David Legwand wins face-off versus Anze Kopitar in BlueJackets zone.
14:34 of 1st period - David Legwand is hit by Erik Christensen.
14:41 of 1st period - Scott Hartnell is hit by Teemu Selanne and loses puck.
15:00 of 1st period - Shot by Teemu Selanne.
15:00 of 1st period - Stopped by Tomas Vokoun without a rebound.
15:01 of 1st period - Marc Savard wins face-off versus Jeff Carter in Predators zone.
15:02 of 1st period - Shot by Martin St. Louis.
15:02 of 1st period - Stopped by Tomas Vokoun without a rebound.
15:03 of 1st period - Jeff Carter wins face-off versus Marc Savard in Predators zone.
15:03 of 1st period - Todd Bertuzzi is hit by Martin St. Louis and loses puck.
15:05 of 1st period - Minor Penalty to Marc Savard for Diving.
15:06 of 1st period - Jason Chimera wins face-off versus Jeff Carter in Predators zone.
15:59 of 1st period - Alain Nasreddine is hit by Scott Hartnell and loses puck.
16:58 of 1st period - Shot by Jeff Carter.
16:58 of 1st period - Shot Misses the Net.
17:00 of 1st period - Shot by Derek Morris.
17:00 of 1st period - Goal by Derek Morris - Predators : 2 - BlueJackets : 1.
17:01 of 1st period - Patrick O'Sullivan wins face-off versus Jeff Carter in neutral zone.
17:48 of 1st period - Icing by Jason Smith.
17:49 of 1st period - Yanic Perreault wins face-off versus Anze Kopitar in BlueJackets zone.
18:54 of 1st period - Vernon Fiddler is hit by Fredrik Modin and loses puck.
19:04 of 1st period - Icing by Yanic Perreault.
19:05 of 1st period - Yanic Perreault wins face-off versus Vyacheslav Kozlov in Predators zone.
19:05 of 1st period - Yanic Perreault is hit by Vyacheslav Kozlov.
19:19 of 1st period - Shot by Martin St. Louis.
19:19 of 1st period - Deflect By Vyacheslav Kozlov.
19:19 of 1st period - Shot Blocked by Vernon Fiddler.
19:23 of 1st period - Shot by Martin St. Louis.
19:23 of 1st period - Shot Misses the Net.
19:27 of 1st period - Shot by Marc Savard.
19:27 of 1st period - Stopped by Tomas Vokoun without a rebound.
19:28 of 1st period - Dan Fritsche wins face-off versus Patrick Sharp in Predators zone.

Period #2

0:01 of 2nd period - Marc Savard wins face-off versus David Legwand in neutral zone.
0:06 of 2nd period - Shot by Martin St. Louis.
0:06 of 2nd period - Stopped by Tomas Vokoun with a rebound.
0:12 of 2nd period - Vyacheslav Kozlov is hit by Scott Hartnell and loses puck.
0:23 of 2nd period - Shot by Scott Hartnell.
0:23 of 2nd period - Deflect By Paul Kariya.
0:23 of 2nd period - Shot Misses the Net.
0:25 of 2nd period - Shot by Tomas Kaberle.
0:25 of 2nd period - Goal by Tomas Kaberle - Predators : 3 - BlueJackets : 1.
0:26 of 2nd period - Anze Kopitar wins face-off versus Patrick Sharp in neutral zone.
0:26 of 2nd period - Anze Kopitar is hit by Derek Morris.
0:48 of 2nd period - Icing by Marek Zidlicky.
0:49 of 2nd period - Steve Rucchin wins face-off versus Patrick Sharp in Predators zone.
1:14 of 2nd period - Shot by Fredrik Modin.
1:14 of 2nd period - Stopped by Tomas Vokoun with a rebound.
1:16 of 2nd period - Shot by Duvie Westcott.
1:16 of 2nd period - Stopped by Tomas Vokoun without a rebound.
1:17 of 2nd period - Marc Savard wins face-off versus David Legwand in Predators zone.
1:19 of 2nd period - Vyacheslav Kozlov is hit by Scott Hartnell and loses puck.
1:26 of 2nd period - Shot by Vyacheslav Kozlov.
1:26 of 2nd period - Stopped by Tomas Vokoun without a rebound.
1:27 of 2nd period - Anze Kopitar wins face-off versus Jeff Carter in Predators zone.
1:51 of 2nd period - Shot by Anze Kopitar.
1:51 of 2nd period - Shot Blocked by Todd Bertuzzi.
2:45 of 2nd period - Shot by Martin St. Louis.
2:45 of 2nd period - Stopped by Tomas Vokoun without a rebound.
2:46 of 2nd period - David Legwand wins face-off versus Steve Rucchin in Predators zone.
3:03 of 2nd period - Shot by David Legwand.
3:03 of 2nd period - Stopped by Niklas Backstrom without a rebound.
3:04 of 2nd period - Dan Fritsche wins face-off versus Patrick Sharp in BlueJackets zone.
3:04 of 2nd period - Dan Fritsche is hit by Brad Boyes.
3:16 of 2nd period - Shot by Dan Fritsche.
3:16 of 2nd period - Stopped by Tomas Vokoun without a rebound.
3:17 of 2nd period - Marc Savard wins face-off versus Yanic Perreault in Predators zone.
3:18 of 2nd period - Shot by Vyacheslav Kozlov.
3:18 of 2nd period - Shot Blocked by Shea Weber.
3:34 of 2nd period - Shot by Marc Savard.
3:34 of 2nd period - Shot Misses the Net.
3:48 of 2nd period - Shot by Vyacheslav Kozlov.
3:48 of 2nd period - Shot Misses the Net.
4:14 of 2nd period - Minor Penalty to Martin St. Louis for Holding.
4:15 of 2nd period - Jeff Carter wins face-off versus Steve Rucchin in neutral zone.
4:20 of 2nd period - Shot by Steve Sullivan.
4:20 of 2nd period - Stopped by Niklas Backstrom with a rebound.
4:22 of 2nd period - Shot by Derek Morris.
4:22 of 2nd period - Shot Misses the Net.
4:24 of 2nd period - Shot by Marek Zidlicky.
4:24 of 2nd period - Shot Blocked by Jason Smith.
4:26 of 2nd period - Shot by Steve Sullivan.
4:26 of 2nd period - Stopped by Niklas Backstrom with a rebound.
4:34 of 2nd period - Shot by Jeff Carter.
4:34 of 2nd period - Deflect By Brad Boyes.
4:34 of 2nd period - Stopped by Niklas Backstrom without a rebound.
4:35 of 2nd period - Scott Hartnell wins face-off versus Jason Chimera in BlueJackets zone.
5:30 of 2nd period - Shot by Steve Sullivan.
5:30 of 2nd period - Shot Misses the Net.
5:34 of 2nd period - Shot by Steve Sullivan.
5:34 of 2nd period - Stopped by Niklas Backstrom without a rebound.
5:35 of 2nd period - Jeff Carter wins face-off versus Jason Chimera in BlueJackets zone.
6:04 of 2nd period - Icing by Brad Boyes.
6:05 of 2nd period - Jeff Carter wins face-off versus Steve Rucchin in Predators zone.
6:21 of 2nd period - Shot by David Legwand.
6:21 of 2nd period - Stopped by Niklas Backstrom without a rebound.
6:22 of 2nd period - David Legwand wins face-off versus Teemu Selanne in BlueJackets zone.
6:31 of 2nd period - Shot by David Legwand.
6:31 of 2nd period - Shot Blocked by Jason Smith.
6:45 of 2nd period - Shot by David Legwand.
6:45 of 2nd period - Deflect By Martin Erat.
6:45 of 2nd period - Stopped by Niklas Backstrom with a rebound.
6:47 of 2nd period - Shot by David Legwand.
6:47 of 2nd period - Shot Misses the Net.
7:03 of 2nd period - Shot by David Legwand.
7:03 of 2nd period - Stopped by Niklas Backstrom without a rebound.
7:04 of 2nd period - Yanic Perreault wins face-off versus Steve Rucchin in BlueJackets zone.
7:05 of 2nd period - Shot by Scottie Upshall.
7:05 of 2nd period - Stopped by Niklas Backstrom with a rebound.
7:08 of 2nd period - Scottie Upshall is hit by Steve Rucchin and loses puck.
7:16 of 2nd period - Minor Penalty to Alain Nasreddine for Interference.
7:17 of 2nd period - David Legwand wins face-off versus Jason Chimera in BlueJackets zone.
7:22 of 2nd period - Shot by Scott Hartnell.
7:22 of 2nd period - Stopped by Niklas Backstrom with a rebound.
7:24 of 2nd period - Shot by David Legwand.
7:24 of 2nd period - Shot Misses the Net.
7:26 of 2nd period - Shot by Tomas Kaberle.
7:26 of 2nd period - Shot Blocked by Nick Schultz.
8:20 of 2nd period - Shot by Jeff Carter.
8:20 of 2nd period - Stopped by Niklas Backstrom without a rebound.
8:21 of 2nd period - Brad Boyes wins face-off versus Steve Rucchin in BlueJackets zone.
9:16 of 2nd period - Shot by Scott Hartnell.
9:16 of 2nd period - Shot Misses the Net.
9:30 of 2nd period - Shot by Jeff Carter.
9:30 of 2nd period - Stopped by Niklas Backstrom with a rebound.
10:32 of 2nd period - Shot by Teemu Selanne.
10:32 of 2nd period - Stopped by Tomas Vokoun with a rebound.
10:34 of 2nd period - Shot by Teemu Selanne.
10:34 of 2nd period - Shot Misses the Net.
11:22 of 2nd period - Shot by Martin St. Louis.
11:22 of 2nd period - Shot Misses the Net.
11:24 of 2nd period - Shot by Vyacheslav Kozlov.
11:24 of 2nd period - Stopped by Tomas Vokoun without a rebound.
11:25 of 2nd period - David Legwand wins face-off versus Dan Fritsche in Predators zone.
11:55 of 2nd period - Shot by Dan Fritsche.
11:55 of 2nd period - Stopped by Tomas Vokoun without a rebound.
11:56 of 2nd period - Anze Kopitar wins face-off versus Patrick Sharp in Predators zone.
12:23 of 2nd period - Shot by Teemu Selanne.
12:23 of 2nd period - Shot Misses the Net.
12:28 of 2nd period - Icing by Derek Morris.
12:29 of 2nd period - Steve Rucchin wins face-off versus Patrick Sharp in Predators zone.
12:34 of 2nd period - Shot by Fredrik Modin.
12:34 of 2nd period - Stopped by Tomas Vokoun without a rebound.
12:35 of 2nd period - Scott Hartnell wins face-off versus Marc Savard in Predators zone.
12:43 of 2nd period - Icing by Nick Schultz.
12:44 of 2nd period - Marc Savard wins face-off versus Jeff Carter in BlueJackets zone.
13:03 of 2nd period - Off-side.
13:04 of 2nd period - David Legwand wins face-off versus Steve Rucchin in neutral zone.
13:07 of 2nd period - Shot by Paul Kariya.
13:07 of 2nd period - Shot Misses the Net.
13:32 of 2nd period - Fredrik Modin is hit by Shea Weber and loses puck.
13:36 of 2nd period - Minor Penalty to Tomas Kaberle for Roughing.
13:37 of 2nd period - Marc Savard wins face-off versus Jeff Carter in Predators zone.
13:44 of 2nd period - Shot by Martin St. Louis.
13:44 of 2nd period - Stopped by Tomas Vokoun without a rebound.
13:45 of 2nd period - Anze Kopitar wins face-off versus Scottie Upshall in Predators zone.
13:54 of 2nd period - Shot by Fredrik Modin.
13:54 of 2nd period - Stopped by Tomas Vokoun without a rebound.
13:55 of 2nd period - Marc Savard wins face-off versus Jeff Carter in Predators zone.
14:46 of 2nd period - Icing by Teemu Selanne.
14:47 of 2nd period - Vernon Fiddler wins face-off versus Marc Savard in BlueJackets zone.
14:48 of 2nd period - Shot by Shea Weber.
14:48 of 2nd period - Shot Misses the Net.
15:43 of 2nd period - Todd Bertuzzi is hit by Fredrik Modin and loses puck.
15:54 of 2nd period - Shot by Jeff Carter.
15:54 of 2nd period - Shot Blocked by Alain Nasreddine.
15:58 of 2nd period - Shot by Todd Bertuzzi.
15:58 of 2nd period - Deflect By Jeff Carter.
15:58 of 2nd period - Stopped by Niklas Backstrom without a rebound.
15:59 of 2nd period - Patrick Sharp wins face-off versus Marc Savard in BlueJackets zone.
16:06 of 2nd period - Shot by Brad Boyes.
16:06 of 2nd period - Stopped by Niklas Backstrom with a rebound.
16:21 of 2nd period - Icing by Marek Zidlicky.
16:22 of 2nd period - Patrick Sharp wins face-off versus Anze Kopitar in Predators zone.
16:27 of 2nd period - Shot by Steve Sullivan.
16:27 of 2nd period - Shot Misses the Net.
16:32 of 2nd period - Teemu Selanne is hit by Marek Zidlicky and loses puck.
16:39 of 2nd period - Shot by Teemu Selanne.
16:39 of 2nd period - Stopped by Tomas Vokoun without a rebound.
16:40 of 2nd period - Steve Rucchin wins face-off versus Martin Erat in Predators zone.
16:43 of 2nd period - Shot by Christian Ehrhoff.
16:43 of 2nd period - Stopped by Tomas Vokoun without a rebound.
16:44 of 2nd period - David Legwand wins face-off versus Dan Fritsche in Predators zone.
17:24 of 2nd period - Paul Kariya is hit by Patrick O'Sullivan and loses puck.
17:46 of 2nd period - Jeff Carter is hit by Brent Burns and loses puck.
18:22 of 2nd period - Icing by Christian Ehrhoff.
18:23 of 2nd period - Patrick Sharp wins face-off versus Dan Fritsche in BlueJackets zone.
19:53 of 2nd period - Off-side.
19:54 of 2nd period - Jeff Carter wins face-off versus Steve Rucchin in neutral zone.

Period #3

0:01 of 3rd period - Marc Savard wins face-off versus David Legwand in neutral zone.
0:10 of 3rd period - Shot by Martin St. Louis.
0:10 of 3rd period - Stopped by Tomas Vokoun with a rebound.
0:36 of 3rd period - Icing by Brent Burns.
0:37 of 3rd period - Patrick Sharp wins face-off versus Marc Savard in BlueJackets zone.
0:48 of 3rd period - Shot by Patrick Sharp.
0:48 of 3rd period - Shot Misses the Net.
0:50 of 3rd period - Shot by Patrick Sharp.
0:50 of 3rd period - Stopped by Niklas Backstrom without a rebound.
0:51 of 3rd period - Anze Kopitar wins face-off versus Jeff Carter in BlueJackets zone.
0:51 of 3rd period - Teemu Selanne is hit by Todd Bertuzzi and loses puck.
1:01 of 3rd period - Minor Penalty to Erik Christensen for Hooking.
1:02 of 3rd period - Jason Chimera wins face-off versus Jeff Carter in BlueJackets zone.
1:02 of 3rd period - Jason Chimera is hit by Brad Boyes.
1:26 of 3rd period - Steve Rucchin is hit by Brad Boyes and loses puck.
1:38 of 3rd period - Icing by Marek Zidlicky.
1:39 of 3rd period - Jason Chimera wins face-off versus Brad Boyes in Predators zone.
3:06 of 3rd period - Martin Erat is hit by Teemu Selanne and loses puck.
3:17 of 3rd period - Shot by Martin Erat.
3:17 of 3rd period - Stopped by Niklas Backstrom without a rebound.
3:18 of 3rd period - Steve Rucchin wins face-off versus Yanic Perreault in BlueJackets zone.
3:42 of 3rd period - Shot by Fredrik Modin.
3:42 of 3rd period - Shot Misses the Net.
3:44 of 3rd period - Shot by Steve Rucchin.
3:44 of 3rd period - Shot Blocked by Tomas Kaberle.
3:46 of 3rd period - Shot by Christian Ehrhoff.
3:46 of 3rd period - Stopped by Tomas Vokoun without a rebound.
3:47 of 3rd period - Anze Kopitar wins face-off versus Martin Erat in Predators zone.
4:38 of 3rd period - Minor Penalty to Marc Savard for Tripping.
4:39 of 3rd period - David Legwand wins face-off versus Jason Chimera in Predators zone.
5:12 of 3rd period - Shot by Scott Hartnell.
5:12 of 3rd period - Shot Misses the Net.
5:33 of 3rd period - Icing by Steve Sullivan.
5:34 of 3rd period - Steve Rucchin wins face-off versus Jeff Carter in Predators zone.
6:14 of 3rd period - Shot by Shea Weber.
6:14 of 3rd period - Stopped by Niklas Backstrom with a rebound.
6:16 of 3rd period - Shot by Scott Hartnell.
6:16 of 3rd period - Stopped by Niklas Backstrom without a rebound.
6:17 of 3rd period - Jason Chimera wins face-off versus David Legwand in BlueJackets zone.
6:52 of 3rd period - Shot by Vernon Fiddler.
6:52 of 3rd period - Stopped by Niklas Backstrom without a rebound.
6:53 of 3rd period - Scottie Upshall wins face-off versus Marc Savard in BlueJackets zone.
6:57 of 3rd period - Icing by Brent Burns.
6:58 of 3rd period - Marc Savard wins face-off versus Brad Boyes in BlueJackets zone.
7:24 of 3rd period - Shot by Brad Boyes.
7:24 of 3rd period - Stopped by Niklas Backstrom without a rebound.
7:25 of 3rd period - Jeff Carter wins face-off versus Steve Rucchin in BlueJackets zone.
7:33 of 3rd period - Icing by Duvie Westcott.
7:34 of 3rd period - Steve Rucchin wins face-off versus Yanic Perreault in BlueJackets zone.
7:49 of 3rd period - Shot by Fredrik Modin.
7:49 of 3rd period - Stopped by Tomas Vokoun without a rebound.
7:50 of 3rd period - Anze Kopitar wins face-off versus Jeff Carter in Predators zone.
8:06 of 3rd period - Icing by Todd Bertuzzi.
8:07 of 3rd period - Jeff Carter wins face-off versus Dan Fritsche in Predators zone.
8:16 of 3rd period - Shot by Jeff Carter.
8:16 of 3rd period - Goal by Jeff Carter - Predators : 4 - BlueJackets : 1.
8:17 of 3rd period - Steve Rucchin wins face-off versus Steve Sullivan in neutral zone.
8:38 of 3rd period - Shot by Fredrik Modin.
8:38 of 3rd period - Deflect By Steve Rucchin.
8:38 of 3rd period - Stopped by Tomas Vokoun without a rebound.
8:39 of 3rd period - Anze Kopitar wins face-off versus David Legwand in Predators zone.
8:58 of 3rd period - Shot by Teemu Selanne.
8:58 of 3rd period - Stopped by Tomas Vokoun with a rebound.
9:00 of 3rd period - Shot by Kurtis Foster.
9:00 of 3rd period - Shot Hit the Post.
9:02 of 3rd period - Shot by Anze Kopitar.
9:02 of 3rd period - Shot Blocked by Tomas Kaberle.
9:07 of 3rd period - Icing by Tomas Kaberle.
9:08 of 3rd period - Marc Savard wins face-off versus Scott Hartnell in Predators zone.
9:42 of 3rd period - Minor Penalty to Brad Boyes for Hooking.
9:43 of 3rd period - Fredrik Modin wins face-off versus Jeff Carter in BlueJackets zone.
9:49 of 3rd period - Shot by Fredrik Modin.
9:49 of 3rd period - Stopped by Tomas Vokoun without a rebound.
9:50 of 3rd period - Jeff Carter wins face-off versus Anze Kopitar in Predators zone.
9:56 of 3rd period - Icing by Fredrik Modin.
9:57 of 3rd period - Jeff Carter wins face-off versus Anze Kopitar in BlueJackets zone.
10:03 of 3rd period - Icing by Brent Burns.
10:04 of 3rd period - Vernon Fiddler wins face-off versus Anze Kopitar in BlueJackets zone.
10:23 of 3rd period - Shot by Kurtis Foster.
10:23 of 3rd period - Stopped by Tomas Vokoun without a rebound.
10:24 of 3rd period - Jeff Carter wins face-off versus Marc Savard in Predators zone.
10:30 of 3rd period - Icing by Teemu Selanne.
10:31 of 3rd period - Jeff Carter wins face-off versus Marc Savard in BlueJackets zone.
10:37 of 3rd period - Icing by Martin St. Louis.
10:38 of 3rd period - Marc Savard wins face-off versus Jeff Carter in BlueJackets zone.
10:38 of 3rd period - Marc Savard is hit by Scott Hartnell.
11:37 of 3rd period - Icing by Kurtis Foster.
11:38 of 3rd period - Anze Kopitar wins face-off versus Scott Hartnell in BlueJackets zone.
12:04 of 3rd period - Steve Sullivan is hit by Christian Ehrhoff and loses puck.
12:17 of 3rd period - Shot by Steve Sullivan.
12:17 of 3rd period - Shot Hit the Post.
12:38 of 3rd period - Icing by Ryan Suter.
12:39 of 3rd period - Anze Kopitar wins face-off versus Martin Erat in Predators zone.
12:57 of 3rd period - Minor Penalty to Teemu Selanne for Hooking.
12:58 of 3rd period - Jason Chimera wins face-off versus Scott Hartnell in BlueJackets zone.
12:58 of 3rd period - Jason Chimera is hit by David Legwand.
13:12 of 3rd period - Shot by Shea Weber.
13:12 of 3rd period - Shot Misses the Net.
13:16 of 3rd period - Shot by Scott Hartnell.
13:16 of 3rd period - Stopped by Niklas Backstrom without a rebound.
13:17 of 3rd period - Steve Rucchin wins face-off versus Jeff Carter in BlueJackets zone.
13:33 of 3rd period - Marek Zidlicky is hit by Fredrik Modin and loses puck.
13:37 of 3rd period - Minor Penalty to Jason Smith for Holding Stick.
13:38 of 3rd period - David Legwand wins face-off versus Jason Chimera in BlueJackets zone.
14:34 of 3rd period - Steve Sullivan is hit by Nick Schultz and loses puck.
15:02 of 3rd period - Off-side.
15:03 of 3rd period - David Legwand wins face-off versus Martin St. Louis in neutral zone.
15:20 of 3rd period - Shot by Shea Weber.
15:20 of 3rd period - Deflect By David Legwand.
15:20 of 3rd period - Shot Blocked by Christian Ehrhoff.
15:24 of 3rd period - Shot by David Legwand.
15:24 of 3rd period - Shot Blocked by Fredrik Modin.
15:26 of 3rd period - Shot by Tomas Kaberle.
15:26 of 3rd period - Stopped by Niklas Backstrom without a rebound.
15:27 of 3rd period - Jason Chimera wins face-off versus Jeff Carter in BlueJackets zone.
15:46 of 3rd period - Icing by Martin Erat.
15:47 of 3rd period - Jeff Carter wins face-off versus Dan Fritsche in Predators zone.
15:47 of 3rd period - Jeff Carter is hit by Patrick O'Sullivan.
16:43 of 3rd period - Shot by Patrick Sharp.
16:43 of 3rd period - Shot Misses the Net.
16:45 of 3rd period - Shot by Steve Sullivan.
16:45 of 3rd period - Deflect By Patrick Sharp.
16:45 of 3rd period - Stopped by Niklas Backstrom without a rebound.
16:46 of 3rd period - Anze Kopitar wins face-off versus Yanic Perreault in BlueJackets zone.
16:55 of 3rd period - Shot by Teemu Selanne.
16:55 of 3rd period - Shot Blocked by Shea Weber.
16:57 of 3rd period - Shot by Erik Christensen.
16:57 of 3rd period - Shot Misses the Net.
16:59 of 3rd period - Shot by Teemu Selanne.
16:59 of 3rd period - Shot Misses the Net.
17:01 of 3rd period - Shot by Anze Kopitar.
17:01 of 3rd period - Shot Blocked by Tomas Kaberle.
17:03 of 3rd period - Shot by Anze Kopitar.
17:03 of 3rd period - Stopped by Tomas Vokoun without a rebound.
17:04 of 3rd period - Martin St. Louis wins face-off versus Patrick Sharp in Predators zone.
17:04 of 3rd period - Marc Savard is hit by Steve Sullivan and loses puck.
17:11 of 3rd period - Shot by Vyacheslav Kozlov.
17:11 of 3rd period - Deflect By Martin St. Louis.
17:11 of 3rd period - Stopped by Tomas Vokoun without a rebound.
17:12 of 3rd period - David Legwand wins face-off versus Anze Kopitar in Predators zone.
17:12 of 3rd period - David Legwand is hit by Jason Smith.
17:43 of 3rd period - Paul Kariya is hit by Kurtis Foster and loses puck.
18:40 of 3rd period - Shot by Marc Savard.
18:40 of 3rd period - Stopped by Tomas Vokoun with a rebound.
19:42 of 3rd period - Shot by Martin Erat.
19:42 of 3rd period - Stopped by Niklas Backstrom without a rebound.
19:43 of 3rd period - Dan Fritsche wins face-off versus David Legwand in BlueJackets zone.
19:54 of 3rd period - Shot by Patrick O'Sullivan.
19:54 of 3rd period - Stopped by Tomas Vokoun without a rebound.
19:55 of 3rd period - Steve Rucchin wins face-off versus Yanic Perreault in Predators zone.


Output by the SimonT Hockey Simulator (STHS) for Stephane Roy -- Original Page W3C XHTML 1.0 Valid